 Dungeon Crawl Stone Soup version 0.28.0 (webtiles) character file.

Game seed: 13383434542097249865

78 Aksej the Skirmisher (level 4, -10/38 HPs)
             Began as a Formicid Fighter on Feb 15, 2022.
             Mangled by an ogre (21 damage)
             ... on level 3 of the Dungeon.
             The game lasted 00:05:22 (1903 turns).

Aksej the Skirmisher (Formicid Fighter)             Turns: 1903, Time: 00:05:23

Health: -10/38     AC:  7    Str: 21    XL:     4   Next: 61%
Magic:  4/4        EV:  9    Int:  7    God:
Gold:   64         SH:  6    Dex: 12    Spells: 3/3 levels left

rFire   . . .      SeeInvis +   a - +0 long sword
rCold   . . .      Faith    .   c - +1 buckler
rNeg    . . .      Spirit   .   b - +0 scale mail
rPois   .          Reflect  .   (helmet unavailable)
rElec   .          Harm     .   f - scarf {+Inv}
rCorr   .          Rampage  .   (no gloves)
Will    .....                   (no boots)
Stlth   ..........              (no amulet)
HPRegen 0.12/turn               (no ring)
MPRegen 0.09/turn               (no ring)

@: no status effects
A: permanent stasis, dig shafts and tunnels, antennae 3, four strong arms
a: Dig, Shaft Self, Evoke Invisibility


You were on level 3 of the Dungeon.
You visited 1 branch of the dungeon, and saw 3 of its levels.

You collected 64 gold pieces.

Inventory:

Hand Weapons
 a - a +0 long sword (weapon)
Armour
 b - a +0 scale mail (worn)
 c - a +1 buckler (worn)
 f - a scarf of invisibility (worn)
Scrolls
 h - a scroll of vulnerability
Potions
 d - 2 potions of might
 e - a potion of curing {unknown}
 g - a potion of attraction {unknown}


   Skills:
 * Level 4.3 Fighting
 + Level 2.5 Long Blades
 + Level 3.8 Armour
 + Level 4.2 Shields


You had 3 spell levels left.
You didn't know any spells.
Your spell library contained the following spells:

 Spells                   Type           Power      Damage    Failure   Level
 Sublimation of Blood     Necr           0%         N/A       92%         2
 Passage of Golubria      Tloc           0%         N/A       100%        4
 Petrify                  Tmut/Erth      0%         N/A       100%        4
 Irradiate                Conj/Tmut      0%         3d14      100%        5
 Silence                  Hex/Air        0%         N/A       100%        5
 Lehudib's Crystal Spear  Conj/Erth      0%         10d2      100%        8


Dungeon Overview and Level Annotations

Branches:
Dungeon (3/15)

Altars:
Kikubaaqudgha


Innate Abilities, Weirdness & Mutations

You cannot be hasted, slowed, berserked, paralysed or teleported.
You can dig through walls and to a lower floor.
You have a pair of large antennae on your head. (SInv)
Your four strong arms can wield two-handed weapons with a shield.


Message History

You slash the adder!
You kill the adder!
You see here an adder corpse.
Found a scroll of teleportation.
Found a stone staircase leading up.
You feel your willpower return.
You sense a monster nearby.
Found 4 poisoned darts.
You now have 64 gold pieces (gained 6).
An ogre comes into view. It is wielding a +0 giant club.
Found 5 gold pieces.
The ogre shouts!
You hear a shout! x3
You hit the ogre but do no damage.
You hear a shout!
An orc wizard comes into view. It is wielding a +0 dagger.
The ogre closely misses you.
There are monsters nearby!
You slash the ogre!
The ogre is moderately wounded.
An orc priest comes into view. It is wielding a +0 flail.
The ogre hits you with a +0 giant club!!
You slash the ogre!
The ogre is severely wounded.
The ogre barely misses you.
The orc priest calls down the wrath of Beogh upon you.
Beogh smites you!
* * * LOW HITPOINT WARNING * * *
You are too injured to fight recklessly!
You are too injured to fight recklessly!
You hit the ogre.
The ogre is almost dead.
You block the ogre's attack.
An orc wizard comes into view. It is wielding a +0 dagger.
You hit the ogre but do no damage.
The ogre is almost dead.
The orc wizard mumbles some strange words.
The orc wizard flickers and vanishes for a moment.
The ogre hits you with a +0 giant club!!
Ouch! That really hurt!
You die...

#.#...###.#....#..#
{
........#.#..#.#..#
o$..........<#.#..#
#.#...#.#.#..###..#
#o#...#.#.........#
#.#...#.###..####.#
#o#...#.# #?.# #.#
#O#...#.###..####.#
#.@............†..#
###.###.####.######
#.(...# #.# #######
#.# #<# ### {


You could see an ogre, an orc priest, an orc wizard (invisible) and an orc.

Vanquished Creatures
  3 adders
  4 dart slugs
  2 ball pythons (D:1)
  3 bats
  2 endoplasms
  A giant cockroach (D:1)
  8 goblins
  3 hobgoblins
  3 jackals (D:1)
  4 quokkas
  2 kobolds (D:1)
  4 rats
39 creatures vanquished.

Notes
Turn   | Place    | Note
-------+----------+-------------------------------------------
     0 | D:1      | Aksej the Formicid Fighter began the quest for the Orb.
     0 | D:1      | Reached XP level 1. HP: 18/18 MP: 1/1
   185 | D:1      | Reached XP level 2. HP: 24/24 MP: 2/2
   234 | D:1      | Found a faded altar of an unknown god.
   564 | D:1      | Reached XP level 3. HP: 30/30 MP: 3/3
  1149 | D:2      | Reached XP level 4. HP: 37/37 MP: 4/4
  1212 | D:2      | Found an ancient bone altar of Kikubaaqudgha.
  1898 | D:3      | Noticed an ogre
  1903 | D:3      | Mangled by an ogre

Illustrated notes

Levels and vault maps discovered:
D:1:      zelgadis_glass_arrival_small, layout_basic,
          chequers_ecumenical_altar_island
D:2:      layout_loops_ring, basic_altar
D:3:      layout_basic

Skill      XL: |  1  2  3 |
---------------+----------+-----
Shields        | 4 |  4.2
Fighting       | 4 |  4.3
Long Blades    | |  2.5
Armour         | |  3.8

Action                   |  1- 3 |  4- 6 || total
-------------------------+-------+-------++-------
Melee: Long sword        |   100 |    25 ||   125
  Use: Scroll            |     2 |     3 ||     5
Armor: Scale mail        |    52 |     6 ||    58
Dodge: Dodged            |    52 |     7 ||    59
Block: Buckler           |    23 |     8 ||    31
